 Dungeon Crawl Stone Soup version 0.30-a0-1066-g63dfefce0d (webtiles) character file.

Game seed: 4703513689540451530

7501 jasper the Conjurer (level 10, -2/74 HPs)
             Began as a Demonspawn Conjurer on Apr 12, 2023.
             Was a Believer of Vehumet.
             Slain by a yak (14 damage)
             ... on level 10 of the Dungeon.
             The game lasted 00:18:24 (10791 turns).

jasper the Conjurer (Demonspawn Conjurer)          Turns: 10791, Time: 00:18:25

Health: -2/74      AC:  8    Str:  7    XL:     10   Next: 95%
Magic:  14/20      EV: 13    Int: 23    God:    Vehumet [**....]
Gold:   316        SH:  0    Dex: 13    Spells: 5/23 levels left

rFire   . . .      SeeInvis .    o - +3 dagger (venom)
rCold   . . .      Faith    .    (no shield)
rNeg    + . .      Spirit   .    m - +0 leather armour
rPois   .          Reflect  .    I - +0 helmet
rElec   .          Rampage  .    (no cloak)
rCorr   +                        h - +1 pair of gloves
Will    .....                    l - +0 pair of boots
Stlth   ++                       z - amulet of regeneration
HPRegen 1.12/turn                v - ring of positive energy
MPRegen 0.34/turn                p - ring of resist corrosion

@: no status effects
A: ignite blood 1, magic regeneration, sturdy frame 2, demonic touch 2
a: Renounce Religion


You were on level 10 of the Dungeon.
You worshipped Vehumet.
Vehumet was pleased with you.
You visited 3 branches of the dungeon, and saw 12 of its levels.

You collected 615 gold pieces.
You spent 299 gold pieces at shops.

Inventory:

Hand Weapons
 e - a +0 club
 o - a +3 dagger of venom (weapon)
Missiles
 r - a throwing net
Armour
 a - a +0 robe
 h - a +1 pair of gloves (worn)
 l - a +0 pair of boots (worn)
 m - a +0 leather armour (worn)
 H - the +0 leather armour of Gehenna {-Tele rF+ Int+6}
   (You bought it in a shop on level 9 of the Dungeon)

   Int:       It affects your intelligence (+6).
   rF:        It protects you from fire.
   -Tele:     It prevents most forms of teleportation.
 I - a +0 helmet (worn)
Jewellery
 k - a ring of fire
 p - a ring of resist corrosion (right hand)
 v - a ring of positive energy (left hand)
 z - an amulet of regeneration (around neck)
Wands
 t - a wand of roots (7)
 u - a wand of charming (30)
 C - a wand of light (10)
 E - a wand of flame (20)
Scrolls
 f - 2 scrolls of teleportation
 i - 4 scrolls of fog
 x - 2 scrolls of fear
 y - a scroll of enchant armour
 B - 2 scrolls of magic mapping
 D - a scroll of enchant weapon
 G - a scroll of immolation
Potions
 b - a potion of magic
 c - 4 potions of haste
 d - 5 potions of curing
 g - a potion of brilliance
 j - 2 potions of lignification
 n - 5 potions of attraction
 q - 2 potions of heal wounds {unknown}
 s - 3 potions of cancellation {unknown}
 w - 2 potions of invisibility {unknown}
 A - a potion of berserk rage {unknown}
 F - a potion of mutation {unknown}
 J - a potion of might {unknown}


   Skills:
 - Level 5.0 Fighting
 - Level 5.0 Armour
 - Level 5.0 Dodging
 - Level 1.7 Stealth
 - Level 7.0 Spellcasting
 + Level 7.3 Conjurations
 - Level 6.0 Hexes
 - Level 5.0 Translocations
 + Level 1.5 Fire Magic
 - Level 6.0 Evocations


You had 5 spell levels left.
You knew the following spells:

 Your Spells              Type           Power      Damage    Failure   Level
a - Magic Dart            Conj           100%       1d8       1%          1
b - Searing Ray           Conj           82%        2d7       1%          2
c - Fulminant Prism       Conj/Hex       19%        3d10      4%          4
d - Iskenderun's Mystic   Conj/Tloc      36%        2d9       6%          4
e - Blink                 Tloc           62%        N/A       1%          2
f - Fireball              Conj/Fire      14%        3d8       34%         5

Your spell library contained the following spells:

 Spells                   Type           Power      Damage    Failure   Level
 Scorch                   Fire           30%        2d6       6%          2
 Dazzling Flash           Conj/Hex       76%        N/A       1%          3
 Ensorcelled Hibernation  Hex/Ice        42%        N/A       3%          2
 Gell's Gravitas          Tloc           31%        N/A       3%          3
 Teleport Other           Tloc           31%        N/A       3%          3
 Manifold Assault         Tloc           31%        N/A       10%         4
 Call Canine Familiar     Summ           8%         N/A       22%         3
 Spider Form              Tmut/Pois      8%         N/A       22%         3
 Anguish                  Hex/Necr       10%        N/A       22%         4
 Silence                  Hex/Air        10%        N/A       52%         5
 Agony                    Necr           8%         N/A       91%         5
 Dispersal                Tloc           15%        N/A       83%         6
 Storm Form               Tmut/Air       4%         N/A       100%        7
 Fire Storm               Conj/Fire      14%        8d4       100%        9


Dungeon Overview and Level Annotations

Branches:
Dungeon (10/15)            Temple (1/1) D:7            Lair (1/5) D:9
    Orc: D:9-12

Altars:
Ashenzari
Cheibriados
Dithmenos
Fedhas
Gozag
Hepliaklqana
Kikubaaqudgha
Makhleb
Nemelex Xobeh
Okawaru
Qazlal
Ru
Sif Muna
Trog
Uskayaw
Vehumet
Wu Jian
Xom
Yredelemnul

Shops:
D:9 [

Annotations:
D:7 5 runed translucent doors, Crazy Yiuf


Innate Abilities, Weirdness & Mutations

Your demonic aura sometimes causes spilled blood to erupt in flames.
You regenerate magic rapidly.
Your movements are less encumbered by armour. (ER -4)
Your touch may inflict irresistible damage on your foes.


Message History

The mystic blast hits the yak but does no damage.
The yak is lightly wounded.
The mystic blast hits the yak!
The yak is moderately wounded.
The yak is knocked back by the mystic blast.
The yak misses you. The yak gores you!
You take 6 damage, and have 37/74 hp.
You now have 16/20 mp.
Casting: Iskenderun's Mystic Blast (dangerous; 6% risk of failure)
Confirm with . or Enter, or press ? or * to list all spells.
You erupt in a blast of force!
The mystic blast hits the yak.
The yak is moderately wounded.
The yak is knocked back by the mystic blast.
The yak collides with the yak!
The yak is moderately wounded. x2
The mystic blast hits the yak!
The yak is heavily wounded.
The yak is knocked back by the mystic blast.
The mystic blast hits the yak!
The yak is heavily wounded.
The yak is knocked back by the mystic blast.
The mystic blast hits the yak!
The yak is heavily wounded.
The yak is knocked back by the mystic blast.
The mystic blast hits the yak!
The yak is lightly wounded.
The mystic blast hits the yak!
The yak is moderately wounded.
The yak is knocked back by the mystic blast.
The yak gores you but does no damage.
You now have 12/20 mp.
The yak attacks as you move away! The yak gores you! The yak barely misses you.
The yak gores you.
You take 9 damage, and have 30/74 hp.
The yak attacks as you move away! The yak closely misses you.
The yak gores you! x2
* * * LOW HITPOINT WARNING * * *
You take 20 damage, and have 10/74 hp.
MASSIVE DAMAGE!!
The yak attacks as you move away! The yak closely misses you.
The yak gores you!
You die...

. .#... #.# ..... #.#
#...# #.#
#....###############.##
.
#.....................
#........).......#.#
##....####..######.#
#...YYY○°@.........#
+...YY.YY......###.#
#.....Y.....#### #.#
............#.# #.#
..........#....# #.#
###.#####.#.#### #.#
#.#####.#.#.#### #.# #
..........##.# #.#
####..#.#.##.# #.#


You could see 8 yaks.

Vanquished Creatures
  A boulder beetle (D:7)
  22 yaks
  A steam dragon (D:9)
  4 ice beasts
  An orc warrior (D:9)
  2 sky beasts
  7 ogres
  5 centaurs
  2 kobold brigands
  Blork the orc (D:6)
  A gnoll sergeant (D:7)
  A bullfrog (D:7)
  2 scorpions
  9 wights
  6 killer bees (D:8)
  2 howler monkeys
  3 jellies
  7 hounds
  An orc priest (D:6)
  3 sleepcaps
  5 orc wizards
  10 adders
  A river rat (D:3)
  2 white imps
  2 ufetubi
  4 worms
  A dart slug (D:1)
  22 orcs
  7 ball pythons
  6 bats
  6 endoplasms
  7 giant cockroaches
  7 goblins
  11 hobgoblins
  4 jackals (D:2)
  7 kobolds
  2 quokkas
  3 frilled lizards
  8 rats
196 creatures vanquished.

Vanquished Creatures (others)
  4 fulminant prisms
  A fungus (Lair:1)
  7 plants
12 creatures vanquished.

Grand Total: 208 creatures vanquished

Notes
Turn   | Place    | Note
-------+----------+-------------------------------------------
     0 | D:1      | jasper the Demonspawn Conjurer began the quest for the Orb.
     0 | D:1      | Reached XP level 1. HP: 13/13 MP: 3/3
   403 | D:1      | Gained mutation: Your movements are slightly less
                  | encumbered by armour. (ER -2) [demonic ancestry]
   403 | D:1      | Reached XP level 2. HP: 19/19 MP: 3/5
   474 | D:1      | Learned a level 2 spell: Searing Ray
  1446 | D:2      | Found a faded altar of an unknown god.
  1599 | D:2      | Gained mutation: Your touch may inflict minor irresistible
                  | damage on your foes. [demonic ancestry]
  1599 | D:2      | Reached XP level 3. HP: 24/24 MP: 4/7
  2057 | D:2      | Gained mutation: Your touch may inflict irresistible damage
                  | on your foes. [demonic ancestry]
  2057 | D:2      | Reached XP level 4. HP: 15/30 MP: 0/10
  2062 | D:2      | Learned a level 4 spell: Fulminant Prism
  2067 | D:2      | Learned a level 4 spell: Iskenderun's Mystic Blast
  2655 | D:3      | Reached skill level 1 in Hexes
  2776 | D:3      | Reached skill level 1 in Translocations
  3007 | D:3      | Reached XP level 5. HP: 35/35 MP: 9/11
  3930 | D:4      | Noticed an ogre
  3937 | D:4      | Killed an ogre
  3938 | D:4      | Gained mutation: Your demonic aura sometimes causes spilled
                  | blood to erupt in flames. [demonic ancestry]
  3938 | D:4      | Reached XP level 6. HP: 41/41 MP: 7/12
  3941 | D:4      | Learned a level 2 spell: Blink
  4124 | D:4      | Reached skill level 5 in Conjurations
  4869 | D:5      | Entered Level 5 of the Dungeon
  5023 | D:5      | Reached XP level 7. HP: 42/46 MP: 0/13
  6192 | D:6      | Gained mutation: You regenerate magic rapidly. [demonic
                  | ancestry]
  6192 | D:6      | Reached XP level 8. HP: 52/52 MP: 8/14
  6305 | D:6      | Found a hide-covered altar of Uskayaw.
  6484 | D:6      | Noticed Blork the orc
  6501 | D:6      | Killed Blork the orc
  6502 | D:6      | Reached skill level 5 in Hexes
  7182 | D:7      | Reached skill level 5 in Translocations
  7276 | D:7      | Found a staircase to the Ecumenical Temple.
  7287 | Temple   | Entered the Ecumenical Temple
  7336 | Temple   | Became a worshipper of Vehumet
  7440 | D:7      | Reached skill level 1 in Fighting
  7440 | D:7      | Reached skill level 1 in Armour
  7440 | D:7      | Reached skill level 1 in Evocations
  7498 | D:7      | Found a runed translucent door.
  7499 | D:7      | Noticed Crazy Yiuf
  7692 | D:7      | Gained mutation: Your movements are less encumbered by
                  | armour. (ER -4) [demonic ancestry]
  7692 | D:7      | Reached XP level 9. HP: 59/59 MP: 0/15
  7843 | D:7      | Found a large runed translucent door.
  7845 | D:7      | Found a large runed translucent door.
  7847 | D:7      | Noticed a cyclops
  7959 | D:7      | Noticed a boulder beetle
  7972 | D:7      | Killed a boulder beetle
  7973 | D:7      | Reached skill level 5 in Spellcasting
  8020 | D:7      | Got the Precepts of the Flammable Union
  8027 | D:7      | Learned a level 5 spell: Fireball
  8042 | D:7      | Identified the amulet "Pukesaal" {RegenMP Harm rElec rC-
                  | Dex+5}
  8048 | D:7      | Found a large runed translucent door.
  8048 | D:7      | Found a large runed translucent door.
  8142 | D:8      | Found a hazy altar of Hepliaklqana.
  8145 | D:8      | Found a shadowy altar of Dithmenos.
  8280 | D:8      | Found an ancient bone altar of Kikubaaqudgha.
  8283 | D:8      | Found a bloodstained altar of Trog.
  8289 | D:8      | Found an opulent altar of Gozag.
  8645 | D:8      | Reached * piety under Vehumet
  8645 | D:8      | Offered knowledge of Foxfire by Vehumet.
  9108 | D:9      | Found a sparkling altar of Nemelex Xobeh.
  9360 | D:9      | Found Vivoshroruv's Antique Armour Boutique.
  9369 | D:9      | Bought an ancient leather armour for 182 gold pieces
  9369 | D:9      | Identified the +0 leather armour of Gehenna {-Tele rF+
                  | Int+6} (You bought it in a shop on level 9 of the Dungeon)
  9369 | D:9      | Bought a helmet for 117 gold pieces
  9410 | D:9      | Reached XP level 10. HP: 65/71 MP: 2/18
  9517 | D:9      | Found a staircase to the Lair.
 10202 | Lair:1   | Entered Level 1 of the Lair of Beasts
 10225 | Lair:1   | Reached skill level 5 in Fighting
 10225 | Lair:1   | Reached skill level 5 in Dodging
 10225 | Lair:1   | Reached skill level 5 in Evocations
 10322 | D:10     | Entered Level 10 of the Dungeon
 10327 | D:10     | Offered knowledge of Scorch by Vehumet.
 10327 | D:10     | Reached ** piety under Vehumet
 10337 | D:10     | Reached skill level 5 in Armour
 10753 | D:10     | Reached skill level 1 in Fire Magic
 10791 | D:10     | Slain by a yak

Illustrated notes

Levels and vault maps discovered:
D:1:      erik_arrival_cave_to_civilisation [erik_arrival_cave_to_hall],
          layout_basic, solitary_fountain, hangedman_decor_clover_reticule,
          minmay_misc_feat_encased, wad_floor_pattern_2
D:2:      layout_rooms, nicolae_ecumenical_pavilion
D:3:      layout_rooms, gup_sewer_entry_bubbles, chequers_serial_rivers_small_3,
          minmay_door_square, chequers_big_river
D:4:      layout_loops_ring
D:5:      layout_cave_pools, serial_column_ruins, column_ruins_circle_large,
          column_ruins_columns_straight, column_ruins_columns_corner,
          column_ruins_columns_straight, column_ruins_grid_3,
          column_ruins_grid_1, column_ruins_grid_1,
          column_ruins_corridor_straight
D:6:      layout_gridville, mainiacjoe_overflow_cross_hatched,
          chequers_mini_garden, uniq_blork_the_orc
D:7:      layout_gridville, minmay_temple_entry_butterflies,
          minmay_hollow_rounded_squares, uniq_crazy_yiuf_cottage
D:8:      layout_rooms, grunt_temple_overflow_cloverleaf,
          riverfiend_overflow_shadow_ancestor, hangedman_abyss_or_decor_slice,
          roderic_lattice_a, hangedman_abyss_or_decor_lesser_grid
D:9:      layout_grid_maze, mainiacjoe_overflow_paths, lair_entry_dummy,
          serial_shops, nicolae_lakefront_shop
D:10:     layout_basic
Temple:   zaba_magenta_temple
Lair:1:   layout_concentric_octagons, serial_bayou_shore_b, lemuel_fruit_fields,
          serial_bayou_shore_a

Skill      XL: |  1  2  3  4  5  6  7  8  9 10 |
---------------+-------------------------------+-----
Spellcasting   | 3 4 5 7 |  7.0
Hexes          | 1 2 3 4 6 |  6.0
Translocations | 1 2 3 4 5 |  5.0
Conjurations   | 5 6 7 |  7.3
Dodging        | 2 4 5 |  5.0
Fighting       | 1 4 5 |  5.0
Armour         | 1 3 5 |  5.0
Evocations     | 1 4 6 |  6.0
Fire Magic     | 1 |  1.5
Stealth        | |  1.7

Action                     |  1- 3 |  4- 6 |  7- 9 | 10-12 || total
---------------------------+-------+-------+-------+-------++-------
  Melee: Club              |     6 |       |       |       ||     6
         Touch             |     1 |     6 |     6 |    14 ||    27
         Dagger            |       |    23 |    32 |    49 ||   104
   Cast: Magic Dart        |    64 |    88 |   105 |    24 ||   281
         Searing Ray       |     4 |    13 |    40 |     4 ||    61
         Fulminant Prism   |       |     1 |       |     3 ||     4
         Iskenderun's Myst |       |       |    14 |    20 ||    34
    Use: Scroll            |     3 |     6 |     9 |     1 ||    19
         Potion            |       |       |     3 |     2 ||     5
 Armour: Robe              |     4 |     8 |     7 |       ||    19
         Leather armour    |       |       |     8 |    31 ||    39
  Dodge: Dodged            |     6 |    20 |    47 |    88 ||   161

Table legend: (Time is in decaauts)
 A = Elapsed time spent in this place.
 B = Non-inter-level travel time spent in this place.
 C = Inter-level travel time spent in this place.
 D = Time resting spent in this place.
 E = Time spent auto-exploring this place.
 F = Levels seen in this place.
 G = Mean time per level.
                   A        B        C        D        E       F      G
               +--------+--------+--------+--------+--------+-----+--------+
         Total |  10837 |  10243 |    594 |   1144 |   7697 |  12 |  903.1 |
       Dungeon |  10694 |  10112 |    582 |   1088 |   7656 |  10 | 1069.4 |
        Temple |     62 |     50 |     12 |      0 |     41 |   1 |   62.0 |
          Lair |     79 |     79 |      0 |     56 |      0 |   1 |   79.0 |
               +--------+--------+--------+--------+--------+-----+--------+

Top non-repeatable levels by time:
     D:1: 1483 daAuts
     D:9: 1397 daAuts
     D:4: 1264 daAuts
     D:6: 1241 daAuts
     D:3: 1210 daAuts
     D:2: 1087 daAuts
     D:7: 922 daAuts
     D:5: 911 daAuts
     D:8: 844 daAuts
    D:10: 331 daAuts
  Lair:1: 79 daAuts
  Temple: 62 daAuts
